 Dungeon Crawl Stone Soup version 0.25-a0-504-g768f60da87 (webtiles) character file.

Game seed: 12315262742381574487, levelgen mode: deterministic

121 Emblim88 the Ducker (level 4, -2/24 HPs)
             Began as a Spriggan Monk on Feb 14, 2020.
             Slain by an orc
             ... wielding a +0 flail
              (5 damage)
             ... on level 3 of the Dungeon.
             The game lasted 00:04:49 (3691 turns).

Emblim88 the Ducker (Spriggan Monk)                 Turns: 3691, Time: 00:04:49

Health: -2/24      AC:  2    Str:  7    XL:     4   Next: 76%
Magic:  5/5        EV: 23    Int: 11    God:
Gold:   145        SH:  0    Dex: 19    Spells: 3/3 levels left

rFire    . . .     SeeInvis +   a - +0 falchion
rCold    . . .     Gourm    .   (shield restricted)
rNeg     . . .     Faith    .   b - +0 robe
rPois    .         Spirit   .   (helmet restricted)
rElec    .         Reflect  .   (no cloak)
rCorr    .         Harm     .   (gloves unavailable)
MR       .....                  (boots unavailable)
Stlth    +++.......             (no amulet)
HPRegen  0.08/turn              (no ring)
MPRegen  0.09/turn              (no ring)

@: very quick
A: very small, unfitting armour, see invisible, herbivore, speed 3, slow
metabolism 2
a: no special abilities


You were on level 3 of the Dungeon.
You were hungry.

You visited 1 branch of the dungeon, and saw 4 of its levels.

You collected 145 gold pieces.

Inventory:

Hand Weapons
 a - a +0 falchion (weapon)
 q - a +0 hunting sling
Missiles
 m - 43 stones (quivered)
Armour
 b - a +0 robe (worn)
Scrolls
 e - 2 scrolls of teleportation {unknown}
 g - 4 scrolls of identify {unknown}
 h - 2 scrolls of blinking {unknown}
 i - 2 scrolls of enchant weapon {unknown}
 k - 2 scrolls of noise {unknown}
 l - 2 scrolls of enchant armour {unknown}
 n - a scroll of remove curse {unknown}
 p - a scroll of fear {unknown}
 r - a scroll of random uselessness {unknown}
Potions
 d - a potion of invisibility {unknown}
 f - 2 potions of degeneration {unknown}
 j - a potion of heal wounds {unknown}
 o - 2 potions of lignification {unknown}
Comestibles
 c - 6 rations


   Skills:
 + Level 3.1 Fighting
 + Level 3.0 Long Blades
 * Level 6.5 Dodging
 - Level 3.0 Stealth


You had 3 spell levels left.
You didn't know any spells.
Your spell library was empty.

Dungeon Overview and Level Annotations

Branches:
Dungeon (4/15)
 Temple: D:4-7

Altars:


Innate Abilities, Weirdness & Mutations

You are very small and have problems with some larger weapons.
You are too small for most types of armour.
You have supernaturally acute eyesight. (SInv)
You are a herbivore.
You cover ground extremely quickly.
You need to consume almost no food.


Message History

You closely miss the orc wizard.
The orc wizard is moderately wounded.
You hit the orc wizard.
The orc wizard is heavily wounded.
The orc wizard hits you but does no damage.
You barely miss the orc wizard.
The orc wizard is heavily wounded.
The orc wizard closely misses you. The orc completely misses you.
The orc wizard misses you.
You riposte.
You hit the orc wizard.
The orc wizard is heavily wounded.
You hit the orc wizard.
The orc wizard is heavily wounded.
The orc wizard hits you with a +0 dagger.
* * * LOW HITPOINT WARNING * * *
The orc barely misses you. The orc wizard misses you.
You hit the orc wizard.
The orc wizard is almost dead.
The orc wizard casts a spell.
The orc wizard blinks!
The orc hits you with a +0 flail.
You die...

# #.# ##...## #.# #. #
#.# ##'## #.###. # #.#
####.## #..... # #.#
#.....###########. #
#.#########.###......#
#. # #...........#
#...##.# #. #
###########.###..÷##.#
#) #oo.).#.##.# #.
#@#.>##.##.######.
#§#o..............
#.##.......#######
#.......#### #########


You could see an orc wizard and an orc.

Vanquished Creatures
  3 adders
  2 oozes
  A worm (D:2)
  A dart slug (D:3)
  3 leopard geckos
  An orc (D:3)
  11 bats
  A giant cockroach (D:2)
  9 goblins
  13 hobgoblins
  2 jackals (D:1)
  2 quokkas
  2 ball pythons
  3 frilled lizards
  7 kobolds
  14 rats
75 creatures vanquished.

Vanquished Creatures (others)
  A giant cockroach (D:1)
1 creature vanquished.

Grand Total: 76 creatures vanquished

Notes
Turn   | Place    | Note
-------+----------+-------------------------------------------
     0 | D:1      | Emblim88 the Spriggan Monk began the quest for the Orb.
     0 | D:1      | Reached XP level 1. HP: 11/11 MP: 2/2
   270 | D:1      | Reached XP level 2. HP: 14/16 MP: 3/3
   367 | D:1      | Reached skill level 5 in Dodging
   664 | D:1      | Reached XP level 3. HP: 17/19 MP: 4/4
  2031 | D:2      | Reached skill level 6 in Dodging
  2031 | D:2      | Reached XP level 4. HP: 13/23 MP: 5/5
  3691 | D:3      | Slain by an orc

Levels and vault maps discovered:
D:1:      lightli_arrival_statuegarden, layout_loops_ring,
          hangedman_abyss_or_decor_lesser_grid, minivault_25,
          minmay_misc_feat_tiny, lemuel_old_faithful
D:2:      layout_basic, first_ration
D:3:      layout_loops_corners
D:4:      layout_loops_cross, kennysheep_mini_moat, minmay_misc_feat_chi,
          uniq_eustachio

Skill      XL: |  1  2  3  4 |
---------------+-------------+-----
Dodging        | 5 6 |  6.5
Fighting       | 3 |  3.1
Long Blades    | 3 |  3.0
Stealth        | |  3.0

Action                   |  1- 3 |  4- 6 || total
-------------------------+-------+-------++-------
Melee: Falchion          |   150 |   116 ||   266
 Stab: Sleeping          |    12 |     7 ||    19
       Distracted        |       |     1 ||     1
Armor: Robe              |    11 |     8 ||    19
Dodge: Dodged            |   151 |   120 ||   271
       Rpst.: Falchion   |    45 |    39 ||    84

Table legend:
 A = Non-vault XP
 B = Vault XP
 C = Vault XP percentage of total XP
 D = Non-vault monster count
 E = Vault monster count
 F = Vault count percentage of total count
                 A         B        C        D         E       F
            +---------+---------+-------+---------+---------+-------
      Total |     173 |       0 |   0.0 |      75 |       0 |   0.0
            +---------+---------+-------+---------+---------+-------
        D:1 |      47 |       0 |   0.0 |      30 |       0 |   0.0
        D:2 |      73 |       0 |   0.0 |      26 |       0 |   0.0
        D:3 |      53 |       0 |   0.0 |      19 |       0 |   0.0
            +---------+---------+-------+---------+---------+-------
